 Dungeon Crawl Stone Soup version 0.24.0-2-g5b39cebb1c (webtiles) character file.

Game seed: 4921987077777737652, levelgen mode: deterministic

1199 mopl the Sneak (level 8, -8/43 HPs)
             Began as a Deep Elf Assassin on Oct 30, 2019.
             Was an Initiate of Dithmenos.
             Mangled by an orc warrior
             ... wielding a +2 short sword of protection
              (13 damage)
             ... on level 6 of the Dungeon.
             The game lasted 00:13:39 (5860 turns).

mopl the Sneak (Deep Elf Assassin)                  Turns: 5860, Time: 00:13:39

Health: -8/43      AC:  4    Str:  8    XL:     8   Next: 20%
Magic:  11/11      EV: 16    Int: 17    God:    Dithmenos [......]
Gold:   300        SH:  0    Dex: 18    Spells: 5/7 levels left

rFire    . . .     SeeInvis .   a - +0 short sword (venom)
rCold    + . .     Gourm    .   (no shield)
rNeg     . . .     Faith    .   D - +0 robe {rC+}
rPois    .         Spirit   .   (no helmet)
rElec    .         Reflect  .   f - +0 cloak
rCorr    .         Harm     .   (no gloves)
MR       .....                  h - +0 pair of boots
Stlth    ++++......             (no amulet)
HPRegen  0.14/turn              k - +4 ring of evasion
MPRegen  0.12/turn              z - ring of wizardry

@: no status effects
A: no striking features
a: Renounce Religion


You were on level 6 of the Dungeon.
You worshipped Dithmenos.
Dithmenos was noncommittal.
You were not hungry.

You visited 1 branch of the dungeon, and saw 6 of its levels.

You collected 300 gold pieces.

Inventory:

Hand Weapons
 a - a +0 short sword of venom (weapon)
 b - a +2 dagger
 E - a +1 rapier of flaming
Missiles
 d - 30 poisoned darts (quivered)
 e - 2 curare-tipped darts
Armour
 f - a +0 cloak (worn)
 h - a +0 pair of boots (worn)
 D - a +0 robe of cold resistance (worn)
 F - a +2 ring mail of fire resistance
Jewellery
 k - a +4 ring of evasion (left hand)
 t - an uncursed ring of ice
 z - a ring of wizardry (right hand)
Wands
 s - a wand of polymorph (6)
 x - a wand of random effects (14)
 H - a wand of iceblast (4)
Scrolls
 i - 2 scrolls of immolation {unknown}
 l - 2 scrolls of enchant armour {unknown}
 m - 2 scrolls of amnesia {unknown}
 n - 8 scrolls of remove curse
 q - a scroll of random uselessness {unknown}
 r - 4 scrolls of teleportation
 u - a scroll of noise {unknown}
 w - 2 scrolls of fear {unknown}
 y - 4 scrolls of identify {unknown}
 C - a scroll of magic mapping {unknown}
Potions
 g - a potion of magic
 j - a potion of heal wounds {unknown}
 o - a potion of might
 p - a potion of invisibility {unknown}
 v - 2 potions of cancellation {unknown}
 A - a potion of flight {unknown}
 B - a potion of curing
 G - a potion of agility {unknown}
 I - a potion of resistance {unknown}
Comestibles
 c - 11 rations


   Skills:
 - Level 1.5 Fighting
 * Level 7.1 Short Blades
 + Level 5.1 Throwing
 - Level 1.2 Dodging
 + Level 7.9 Stealth
 + Level 1.8 Invocations


You had 5 spell levels left.
You knew the following spells:

 Your Spells              Type           Power        Failure   Level  Hunger
a - Blink                 Tloc           N/A          14%         2    ###....

Your spell library contained the following spells:

 Spells                   Type           Power        Failure   Level  Hunger
 Magic Dart               Conj           #...         10%         1    ##.....
 Summon Small Mammal      Summ           #...         10%         1    ##.....
 Call Imp                 Summ           #.......     14%         2    ###....
 Slow                     Hex            #.......     14%         2    ###....
 Call Canine Familiar     Summ           #.......     26%         3    ####...
 Conjure Flame            Conj/Fire      #.......     26%         3    ####...
 Mephitic Cloud           Conj/Pois/Air  #.......     26%         3    ####...
 Summon Guardian Golem    Hex/Summ       #.......     26%         3    ####...
 Summon Ice Beast         Ice/Summ       #.......     65%         4    #####..
 Summon Lightning Spire   Summ/Air       #.......     65%         4    #####..


Dungeon Overview and Level Annotations

Branches:
Dungeon (6/15)             Temple (0/1) D:6

Altars:
Dithmenos
Gozag

Annotations:
D:4 Sigmund
D:5 Grinder


Message History

The orc warrior is poisoned.
The orc shouts!
An orc opens the door.
You closely miss the orc warrior.
The orc warrior is lightly wounded.
The orc warrior closely misses you.
The orc warrior looks more healthy.
You hit the orc warrior but do no damage.
The orc warrior is poisoned.
The orc warrior is moderately wounded.
The orc warrior hits you with a +2 short sword of protection!
You hit the orc warrior but do no damage.
The orc warrior is heavily wounded.
The orc warrior hits you with a +2 short sword of protection!
* * * LOW HITPOINT WARNING * * *
You hear the brisk rusting of a drain.
The orc warrior looks more healthy.
It was a potion of magic.
Magic courses through your body.
The orc warrior hits you with a +2 short sword of protection!
You die...

#.# #.# ########.#
#.# .......#.# #.#
.......#.#####)###
.......[.#.....#.#
.........#.....#.#
.........#.......#
........##.###.#.#
........##. #.#@#
≈≈......## #.#o#
≈≈≈≈....##.###.#o#
≈≈≈≈≈≈..........>#
.≈≈≈≈≈≈.##.###.####
.≈≈≈≈≈≈.##......o.#
.≈≈≈≈≈≈.######.##.#
≈≈≈≈≈≈≈.. #....##.#
≈≈≈≈≈≈... #.#####.#


You could see an orc warrior and an orc.

Vanquished Creatures
  Eustachio (D:4)
  Edmund (D:5)
  Menkaure (D:6)
  Duvessa (D:5)
  An ogre (D:2)
  A centaur (D:3)
  A bullfrog (D:5)
  Dowan (D:5)
  2 hounds
  2 orc priests
  An orc wizard (D:5)
  Jessica (D:3)
  Ijyb (D:5)
  Terence (D:2)
  4 adders
  7 gnolls
  An ooze (D:4)
  3 worms
  2 dart slugs
  4 leopard geckos
  6 orcs
  6 giant cockroaches
  8 hobgoblins
  4 jackals (D:4)
  14 kobolds
  A ball python (D:1)
  4 bats
  3 frilled lizards
  15 goblins
  A quokka skeleton (D:4)
  9 rats
108 creatures vanquished.

Notes
Turn   | Place    | Note
-------+----------+-------------------------------------------
     0 | D:1      | mopl the Deep Elf Assassin began the quest for the Orb.
     0 | D:1      | Reached XP level 1. HP: 12/12 MP: 3/3
     6 | D:1      | Noticed a hound
     6 | D:1      | Noticed a polar bear
     6 | D:1      | Noticed an anaconda
     7 | D:1      | Noticed a swamp worm
   136 | D:1      | Reached skill level 5 in Stealth
   152 | D:1      | Reached XP level 2. HP: 13/16 MP: 4/4
   957 | D:2      | Noticed Terence
   993 | D:2      | Killed Terence
   993 | D:2      | Reached XP level 3. HP: 20/20 MP: 5/5
  1453 | D:2      | Reached XP level 4. HP: 25/25 MP: 6/6
  1478 | D:2      | Noticed an ogre
  1512 | D:2      | Killed an ogre
  1512 | D:2      | Reached XP level 5. HP: 29/29 MP: 7/7
  2534 | D:3      | Noticed Jessica
  2545 | D:3      | Killed Jessica
  2545 | D:3      | Reached XP level 6. HP: 28/34 MP: 8/8
  2970 | D:3      | Reached skill level 5 in Short Blades
  3466 | D:4      | Noticed Sigmund
  3476 | D:4      | Noticed Eustachio
  3658 | D:4      | Killed Eustachio
  3658 | D:4      | Reached XP level 7. HP: 23/38 MP: 9/9
  3784 | D:4      | Found an opulent altar of Gozag.
  3898 | D:5      | Entered Level 5 of the Dungeon
  4247 | D:5      | Noticed Ijyb
  4250 | D:5      | Killed Ijyb
  4271 | D:5      | Noticed Duvessa
  4272 | D:5      | Noticed Dowan
  4273 | D:5      | Killed Duvessa
  4319 | D:5      | Noticed Grinder
  4320 | D:5      | Killed Dowan
  4645 | D:5      | Paralysed by Grinder for 3 turns
  4987 | D:4      | Found a shadowy altar of Dithmenos.
  4996 | D:4      | Became a worshipper of Dithmenos the Shadowed
  5147 | D:5      | Noticed Edmund
  5176 | D:5      | Killed Edmund
  5176 | D:5      | Reached skill level 1 in Invocations
  5426 | D:5      | Reached XP level 8. HP: 39/43 MP: 10/10
  5509 | D:6      | Noticed Menkaure
  5714 | D:6      | Found a staircase to the Ecumenical Temple.
  5738 | D:6      | Learned a level 2 spell: Blink
  5778 | D:6      | Killed Menkaure
  5778 | D:6      | Reached skill level 5 in Throwing
  5835 | D:6      | HP: 2/43 [orc warrior/+2 short sword of protection (17)]
  5860 | D:6      | Mangled by an orc warrior

Levels and vault maps discovered:
D:1:      onia_arrival_zoo_common, layout_loops_ring, minmay_tromino_v4_a
D:2:      layout_basic, uniq_terence
D:3:      layout_basic, minivault_14, uniq_jessica
D:4:      layout_cave_pools, grunt_gozag_breadcrumbs, first_ration,
          grunt_dithmenos_smoke, uniq_eustachio, uniq_sigmund
D:5:      layout_basic, minmay_misc_feat_ornament, uniq_ijyb, uniq_grinder,
          uniq_duvessa, uniq_edmund
D:6:      layout_basic, temple_pool_b, gup_sewer_entry_bowl, uniq_menkaure

Skill      XL: |  1  2  3  4  5  6  7  8 |
---------------+-------------------------+-----
Stealth        | 5 6 7 |  7.9
Short Blades   | 3 4 5 6 7 |  7.1
Throwing       | 3 4 5 |  5.1
Invocations    | 1 |  1.8
Fighting       | |  1.5
Dodging        | |  1.2

Action                   |  1- 3 |  4- 6 |  7- 9 || total
-------------------------+-------+-------+-------++-------
Melee: Dagger            |    46 |       |       ||    46
       Short sword       |     4 |   167 |    51 ||   222
Throw: Dart              |    35 |    23 |    15 ||    73
       Throwing net      |       |       |     1 ||     1
Evoke: Wand              |       |       |    10 ||    10
  Use: Scroll            |       |     2 |       ||     2
       Potion            |       |       |     1 ||     1
 Stab: Sleeping          |     8 |    20 |     4 ||    32
       Distracted        |     2 |       |       ||     2
       Held in net/web   |       |       |     1 ||     1
  Eat: Chunk             |     1 |     8 |     5 ||    14
       Ration            |       |       |     1 ||     1
Armor: Robe              |    13 |    21 |     3 ||    37
Dodge: Dodged            |    34 |   139 |    19 ||   192
